 Dungeon Crawl Stone Soup version 0.26-a0-612-gd4d190f45e (webtiles) character file.

Game seed: 11150883740243262827

58 DogServant the Ducker (level 3, -10/28 HPs)
             Began as a Demonspawn Gladiator on Sept 9, 2020.
             Mangled by Terence
             ... wielding a +2 short sword of electrocution
              (12 damage)
             ... on level 2 of the Dungeon.
             The game lasted 00:02:52 (1806 turns).

DogServant the Ducker (Demonspawn Gladiator)        Turns: 1806, Time: 00:02:53

Health: -10/28     AC:  4    Str: 15    XL:     3   Next: 76%
Magic:  3/3        EV: 13    Int:  9    God:
Gold:   157        SH:  4    Dex: 14    Spells: 2/2 levels left

rFire    . . .     SeeInvis .   a - +0 long sword
rCold    . . .     Faith    .   (no shield)
rNeg     . . .     Spirit   .   b - +0 leather armour
rPois    .         Reflect  .   c - +0 helmet
rElec    .         Harm     .   (no cloak)
rCorr    .                      (no gloves)
MR       .....                  (no boots)
Stlth    +.........             (no amulet)
HPRegen  0.09/turn              (no ring)
MPRegen  0.08/turn              (no ring)

@: no status effects
A: large bone plates 1, spiny 1
a: no special abilities


You were on level 2 of the Dungeon.
You visited 1 branch of the dungeon, and saw 2 of its levels.

You collected 157 gold pieces.

Inventory:

Hand Weapons
 a - a +0 long sword (weapon)
Missiles
 d - 2 throwing nets (quivered)
 k - 7 poisoned darts
Armour
 b - a +0 leather armour (worn)
 c - a +0 helmet (worn)
 l - a +2 pair of boots
 o - a +0 pair of gloves
Jewellery
 m - an uncursed ring of stealth {unknown}
 n - an uncursed ring of see invisible {unknown}
Scrolls
 e - a scroll of noise {unknown}
 f - a scroll of enchant armour {unknown}
 g - 5 scrolls of identify {unknown}
 h - a scroll of teleportation {unknown}
 i - 2 scrolls of enchant weapon {unknown}
 j - 2 scrolls of remove curse {unknown}


   Skills:
 + Level 2.5 Fighting
 + Level 3.2 Long Blades
 - Level 1.8 Throwing
 + Level 1.0 Armour
 + Level 3.3 Dodging


You had 2 spell levels left.
You didn't know any spells.
Your spell library was empty.

Dungeon Overview and Level Annotations

Branches:
Dungeon (2/15)

Altars:

Annotations:
D:2 Terence


Innate Abilities, Weirdness & Mutations

You are partially covered in large bone plates. (SH +4)
You are partially covered in sharp spines.


Message History

A worm comes into view.
The hobgoblin closely misses you. You block Terence's attack.
The hobgoblin hits you with a +0 club.
Throwing (i - inventory. (/) - cycle)
d - 3 throwing nets (quivered)
Press: ? - help, Shift-Dir - straight line, f - Terence
Aim: Terence, wielding a +2 short sword of electrocution and wearing a +0 scale mail You throw a throwing net.
The throwing net barely misses Terence.
Terence is struck by your spines. Terence closely misses you.
The hobgoblin closely misses you.
You hit Terence but do no damage.
Terence is lightly wounded.
Terence hits you with a +2 short sword of electrocution.
You are electrocuted!
* * * LOW HITPOINT WARNING * * *
You block the hobgoblin's attack.
You hit Terence but do no damage.
Terence hits you with a +2 short sword of electrocution.
* * * LOW HITPOINT WARNING * * *
You are electrocuted!
You die...

#......# #....# #.#
#......# #....# #..
##'##### #....##### #.#
########........# #.#
#...............# #.#
#...............# #.#
#...............# #.#
#...............# ######.#
#.....@.........# .......#
#....@g$........# ########
#...............#
......#...'.w..............
.####.#.###........#######
.# #.#.#.........## †#
#.#.#.#.....#.# .# #.#.#
#....<#.# .# #.#.# .....#.


You could see Terence, a worm and a hobgoblin.

Vanquished Creatures
  An adder (D:2)
  A worm (D:2)
  2 dart slugs (D:2)
  2 leopard geckos (D:1)
  A bat (D:2)
  3 giant cockroaches
  2 goblins
  7 hobgoblins
  A ball python (D:2)
  3 frilled lizards
  4 kobolds
  17 rats
44 creatures vanquished.

Notes
Turn   | Place    | Note
-------+----------+-------------------------------------------
     0 | D:1      | DogServant the Demonspawn Gladiator began the quest for the
                  | Orb.
     0 | D:1      | Reached XP level 1. HP: 16/16 MP: 1/1
   326 | D:1      | Gained mutation: You are partially covered in sharp spines.
                  | [demonic ancestry]
   326 | D:1      | Reached XP level 2. HP: 22/22 MP: 2/2
  1018 | D:1      | Gained mutation: You are partially covered in large bone
                  | plates. (SH +4) [demonic ancestry]
  1018 | D:1      | Reached XP level 3. HP: 27/27 MP: 3/3
  1590 | D:2      | Reached skill level 1 in Armour
  1796 | D:2      | Noticed Terence
  1806 | D:2      | Mangled by Terence

Illustrated notes

Levels and vault maps discovered:
D:1:      tarquinn_simple_flora_water_f, layout_loops_corners,
          minmay_rat_gold_closets
D:2:      layout_basic, lemuel_coloured_pillars_altar, uniq_terence

Skill      XL: |  1  2  3 |
---------------+----------+-----
Long Blades    | 3 |  3.2
Dodging        | 3 |  3.3
Armour         | 1 |  1.0
Fighting       | |  2.5
Throwing       | |  1.8

Action                   || total
-------------------------++-------
Melee: Long sword        ||    81
Throw: Throwing net      ||     1
 Stab: Sleeping          ||     3
Armor: Leather armour    ||    21
Dodge: Dodged            ||    58
Block: Other             ||     5
       Rpst.: Long sword ||    17

Table legend: (Time is in decaauts)
 A = Elapsed time spent in this place.
 B = Non-inter-level travel time spent in this place.
 C = Inter-level travel time spent in this place.
 D = Time resting spent in this place.
 E = Time spent auto-exploring this place.
 F = Levels seen in this place.
 G = Mean time per level.
                   A        B        C        D        E       F      G
               +--------+--------+--------+--------+--------+-----+--------+
         Total |   1825 |   1817 |      8 |      0 |   1495 |   2 |  912.5 |
       Dungeon |   1825 |   1817 |      8 |      0 |   1495 |   2 |  912.5 |
               +--------+--------+--------+--------+--------+-----+--------+

Top non-repeatable levels by time:
     D:1: 1092 daAuts
     D:2: 733 daAuts
